 Dungeon Crawl Stone Soup version 0.30.1-11-g7821555f0a (webtiles) character file.

Game seed: 9997123157607830510

17 groovy9 the Chopper (level 2, 25/25 HPs)
             Began as a Minotaur Gladiator on Jan 11, 2024.
             Quit the game on level 1 of the Dungeon.
             The game lasted 00:01:43 (265 turns).

groovy9 the Chopper (Minotaur Gladiator)             Turns: 265, Time: 00:01:44

Health: 25/25      AC:  3    Str: 18    XL:     2   Next: 44%
Magic:  1/1        EV: 12    Int:  5    God:
Gold:   51         SH:  0    Dex: 11    Spells: 1/1 levels left

rFire   + . .        a - +0 war axe
rCold   . . .        (no shield)
rNeg    . . .        b - +0 leather armour
rPois   .            c - +0 hat
rElec   .            (no cloak)
rCorr   .            (no gloves)
SInv    .            (no boots)
Will    .....        (no amulet)
Stlth   +            g - ring of protection from fire
HPRegen 0.24/turn    (no ring)
MPRegen 0.07/turn

%: no passive effects
@: no status effects
A: horns 2, retaliatory headbutt
a: no special abilities


You were on level 1 of the Dungeon.
You visited 1 branch of the dungeon, and saw 1 of its levels.

You collected 51 gold pieces.

Inventory:

Hand Weapons
 a - a +0 war axe (weapon)
Missiles
 d - 3 throwing nets (quivered)
 e - a javelin
Armour
 b - a +0 leather armour (worn)
 c - a +0 hat (worn)
Jewellery
 g - a ring of protection from fire (left hand)
Scrolls
 f - a scroll of vulnerability {unknown}


   Skills:
 + Level 2.7 Fighting
 * Level 4.1 Axes
 + Level 2.2 Throwing
 + Level 3.5 Dodging


You had one spell level left.
You didn't know any spells.
Your spell library was empty.

Dungeon Overview and Level Annotations

Branches:
Dungeon (1/15)

Altars:


Innate Abilities, Weirdness & Mutations

You have a pair of horns on your head.
You reflexively headbutt those who attack you in melee.


Message History

No target in view!
No target in view!
No target in view!
No target in view!
You now have 51 gold pieces (gained 8).
Found a stone staircase leading down.
A hobgoblin comes into view.
The hobgoblin shouts!
You hear a shout!
A goblin comes into view. It is wielding a +0 dagger.
The hobgoblin hits you.
You hit the hobgoblin.
You kill the hobgoblin!
You slash the goblin!
You kill the goblin!
No target in view!
No target in view!
No target in view!
No target in view!
No target in view!
No target in view!
g - a ring of protection from fire
Okay, then.
g - a ring of protection from fire (left hand)
A frilled lizard comes into view.
Found a chain mail.
Found a stone staircase leading down.
The frilled lizard hisses angrily.
You slash the frilled lizard!
You kill the frilled lizard!
No target in view!
No target in view!
No target in view!
No target in view!
No target in view!
No target in view!
No target in view!
No target in view!
No target in view!
No target in view!
A giant cockroach comes into view.
Are you sure you want to abandon this character and quit the game? (Confirm with "yes".)

####### ### ....... ....#
... #### .B.... .....#
....###... .....
.....##....#..... #...
#................
#...##................
#.....................
..#.....................
..#....@................
.......................##
.........................
............##.....##....
...........###.....##....
....#.>............#.....
.........##..............
.........##..............
.........##....#.........


You could see a giant cockroach.

Vanquished Creatures
  A dart slug (D:1)
  A bat (D:1)
  A goblin (D:1)
  3 hobgoblins (D:1)
  A kobold (D:1)
  A quokka (D:1)
  A ball python (D:1)
  3 frilled lizards (D:1)
  3 rats (D:1)
15 creatures vanquished.

Notes
Turn   | Place    | Note
-------+----------+-------------------------------------------
     0 | D:1      | groovy9 the Minotaur Gladiator began the quest for the Orb.
     0 | D:1      | Reached XP level 1. HP: 18/18 MP: 0/0
    94 | D:1      | Reached XP level 2. HP: 25/25 MP: 1/1
   109 | D:1      | Reached skill level 4 in Axes
   265 | D:1      | Quit the game

Illustrated notes

Levels and vault maps discovered:
D:1:      shiori_arrival_maze, layout_basic, hangedman_decor_growths

Skill      XL: |  1  2 |
---------------+-------+-----
Axes           | 4 |  4.1
Fighting       | |  2.7
Throwing       | |  2.2
Dodging        | |  3.5

Action                     || total
---------------------------++-------
  Melee: War axe           ||    22
         Headbutt          ||     1
 Armour: Leather armour    ||     1
  Dodge: Dodged            ||     8
